 Dungeon Crawl Stone Soup version 0.30.0-5-g1a98f26d00 (webtiles) character file.

Game seed: 8087881336298407855

95285 SnakkuSnakku7 the Bringer of Law (level 16, -4/140 (143) HPs)
             Began as a Hill Orc Air Elementalist on May 12, 2023.
             Was the Champion of Zin.
             Killed from afar by a deep elf pyromancer (13 damage)
             ... with a bolt of fire
             ... on level 1 of the Elven Halls on May 13, 2023.
             The game lasted 00:40:06 (26192 turns).

SnakkuSnakku7 the Bringer of Law (HOAE)            Turns: 26192, Time: 00:40:06

HP:   -4/140 (143)  AC: 26    Str: 25    XL:     16   Next: 13%
MP:   29/29         EV: 15    Int: 15    God:    Zin [******]
Gold: 2446          SH: 16    Dex:  7    Spells: 18/18 levels left

rFire   . . .        a - +1 broad axe (holy)
rCold   + . .        R - +1 tower shield {rC+}
rNeg    + . .        r - +0 pearl dragon scales
rPois   +            x - +0 helmet
rElec   .            U - +2 cloak
rCorr   .            T - +2 pair of gloves {Str+3}
SInv    .            v - +2 pair of boots {Fly}
Will    +....        (no amulet) Stlth
                     G - +5 ring of evasion
HPRegen 0.43/turn    m - ring "Qiwaim" {rPois Str+3 Dex-4 Slay+4}
MPRegen 0.21/turn

%: no passive effects
@: flying, lightly drained
A: no striking features
a: Renounce Religion, Recite, Vitalisation, Imprison, Sanctuary, Donate Gold


You were on level 1 of the Elven Halls.
You worshipped Zin.
Zin was exalted by your worship.
You visited 5 branches of the dungeon, and saw 24 of its levels.
You also visited: Bailey and Ice Cave.

You collected 3101 gold pieces.
You spent 449 gold pieces at shops.
You donated 206 gold pieces to Zin.

Inventory:

Hand Weapons
 a - a +1 broad axe of holy wrath (weapon)
 f - a +1 war axe
 Q - a +2 battleaxe of flaming
Missiles
 y - 8 silver javelins (quivered)
 L - a curare-tipped dart
Armour
 r - +0 pearl dragon scales (worn)
 v - a +2 pair of boots of flying (worn)
 x - a +0 helmet (worn)
 R - a +1 tower shield of cold resistance (worn)
 T - a +2 pair of gloves of strength (worn)
 U - a +2 cloak (worn)
Jewellery
 d - the ring of Ashenzari's Generosity {rPois rN+}
   (You found it on level 5 of the Lair of Beasts)

   [ring of poison resistance]

   rPois:     It protects you from poison.
   rN:        It protects you from negative energy.
 m - the ring "Qiwaim" (right hand) {rPois Str+3 Dex-4 Slay+4}
   (You found it on level 1 of the Orcish Mines)

   [ring of slaying]

   Str:       It affects your strength (+3).
   Dex:       It affects your dexterity (-4).
   Slay:      It affects your accuracy & damage with ranged weapons and melee
   (+4).
   rPois:     It protects you from poison.
 n - a ring of see invisible
 E - a ring of protection from fire
 G - a +5 ring of evasion (left hand)
 K - a ring of ice
 M - the ring of the Lumpy Places {Fly rPois Dex+4}
   (You took it off an orc warrior on level 1 of the Orcish Mines)

   [ring of poison resistance]

   Dex:       It affects your dexterity (+4).
   rPois:     It protects you from poison.
   Fly:       It grants you flight.
Wands
 c - a wand of flame (37)
 h - a wand of quicksilver (8)
 i - a wand of paralysis (13)
 H - a wand of roots (13)
 P - a wand of mindburst (5)
Scrolls
 j - 2 scrolls of magic mapping
 s - 2 scrolls of silence
 t - 4 scrolls of fog
 w - a scroll of enchant weapon
 z - 2 scrolls of poison
 B - 5 scrolls of vulnerability
 I - a scroll of fear
 O - 2 scrolls of blinking
 V - a scroll of teleportation
Potions
 b - a potion of magic
 e - a potion of haste
 l - 7 potions of flight
 o - 4 potions of attraction
 q - 4 potions of curing
 u - 7 potions of mutation
 A - 4 potions of brilliance
 C - a potion of ambrosia
 D - 4 potions of might
 J - 2 potions of heal wounds
 N - 2 potions of resistance
 W - a potion of cancellation
Miscellaneous
 g - a phantom mirror (inert)
 p - a condenser vane
 S - a phial of floods


   Skills:
 - Level 13.0 Fighting
 - Level 18.0 Axes
 - Level 10.0 Armour
 - Level 8.0 Dodging
 - Level 1.5 Stealth
 + Level 11.7 Shields
 - Level 1.5 Spellcasting
 - Level 1.0 Conjurations
 - Level 2.4 Air Magic
 - Level 19.3 Invocations


You had 18 spell levels left.
You didn't know any spells.
Your spell library contained the following spells:

 Spells                   Type           Power      Damage    Failure   Level
 Shock                    Conj/Air       24%        1d4       63%         1
 Static Discharge         Conj/Air       12%        2-3/arc   77%         2
 Foxfire                  Conj/Fire      8%         2x1d4     80%         1
 Poisonous Vapours        Pois/Air       8%         N/A       83%         2
 Swiftness                Air            8%         N/A       88%         3
 Momentum Strike          Conj/Tloc      4%         3d8       90%         2
 Blink                    Tloc           2%         N/A       94%         2
 Lesser Beckoning         Tloc           2%         N/A       94%         2
 Mephitic Cloud           Conj/Pois/Air  4%         N/A       97%         3
 Dazzling Flash           Conj/Hex       4%         N/A       99%         3
 Gell's Gravitas          Tloc           1%         N/A       99%         3
 Inner Flame              Hex/Fire       1%         N/A       99%         3
 Teleport Other           Tloc           1%         N/A       99%         3
 Airstrike                Air            4%         2d(1-17)  99%         4
 Flame Wave               Conj/Fire      2%         2d4       100%        4
 Iskenderun's Mystic Bla  Conj/Tloc      2%         2d3       100%        4
 Leda's Liquefaction      Hex/Erth       0%         N/A       100%        4
 Olgreb's Toxic Radiance  Pois           1%         N/A       100%        4
 Sticky Flame             Conj/Fire      2%         2d3       100%        4
 Agony                    Necr           1%         N/A       100%        5
 Freezing Cloud           Conj/Ice/Air   2%         6-21      100%        5
 Lee's Rapid Deconstruct  Erth           0%         3d4*      100%        5
 Silence                  Hex/Air        2%         N/A       100%        5
 Dispersal                Tloc           0%         N/A       100%        6
 Iron Shot                Conj/Erth      1%         9d1       100%        6
 Statue Form              Tmut/Erth      0%         N/A       100%        6
 Discord                  Hex            0%         N/A       100%        8
 Ignition                 Fire           0%         3d3       100%        8
 Fire Storm               Conj/Fire      1%         7d1       100%        9


Dungeon Overview and Level Annotations

Branches:
Dungeon (15/15)            Temple (1/1) D:4            Lair (5/5) D:11
 Shoals (0/4) Lair:2       Spider (0/4) Lair:3        Slime (0/5) Lair:5
    Orc (2/2) D:10            Elf (1/3) Orc:2        Vaults (0/5) D:14
 Depths (0/4) D:15         Bailey (visited)           IceCv (visited)

Altars:
Ashenzari
Cheibriados
Dithmenos
Elyvilon
Fedhas
Gozag
Hepliaklqana
Kikubaaqudgha
Makhleb
Nemelex Xobeh
Okawaru
Qazlal
Ru
Sif Muna
Trog
Uskayaw
Vehumet
Wu Jian
Xom
Yredelemnul
Zin
The Shining One
Jiyva

Shops:
D:8 ?   Orc:2 ([*:

Portals:
Trove: D:13 (give 5 scrolls of fog)

Annotations:
D:3 exclusion: door
Lair:2 Nidhogg036's ghost, journeyman DsFi


Message History

Unknown command.
You feel better.
You are covered in liquid flames!
You block the fire elemental's attack. You block the deep elf archer's attack.
The fire elemental hits you. The fire elemental burns you!
* * * LOW HITPOINT WARNING * * *
You hit the deep elf pyromancer.
The deep elf pyromancer is lightly wounded.
You closely miss the fire elemental. You miss the deep elf archer.
The deep elf archer points at you and mumbles some strange words.
You resist with some effort.
The deep elf pyromancer hits you but does no damage.
You block the fire elemental's attack.
You slash the deep elf pyromancer!
The deep elf pyromancer is moderately wounded.
You slash the deep elf archer! You slash the fire elemental!
The fire elemental hits you. The fire elemental burns you!
* * * LOW HITPOINT WARNING * * *
The deep elf archer closely misses you.
The deep elf pyromancer gestures wildly while chanting.
The deep elf pyromancer blinks!
You closely miss the deep elf archer.
The deep elf archer is severely wounded.
You closely miss the fire elemental. You block the fire elemental's attack.
The deep elf archer gestures wildly while chanting.
The deep elf archer blinks!
Unknown command.
Aiming: Fastroot
Press: ? - help, Shift-Dir - straight line The roots erupt in riotous growth!
Roots grab the deep elf archer.
The grasping roots constrict the deep elf archer.
You block the fire elemental's attack.
The deep elf archer unwields a +0 dagger of draining.
The deep elf archer wields a +0 shortbow.
The deep elf archer shoots an arrow.
The arrow hits you!!
* * * LOW HITPOINT WARNING * * *
The deep elf pyromancer gestures at you while chanting.
The bolt of fire hits you!
You die...

###### #...)##
#####)##e.########
#......##.)†@§.e.#
#####.8....#####E§...#
....'......# #.....#
....').....# ##.....##
..<.').....#
#.......#########
....').....#
#................
....'......#
##.....#..###....
#####.8.(..#
#.....[.........
#......#
#.....#..#.##e.#


You could see a deep elf archer (repels missiles, rooted), a deep elf pyromancer
and a fire elemental (summoned).

Vanquished Creatures
  Jorgrun (D:13)
  Gastronok (D:12)
  3 orc warlords
  A reaper (IceCv)
  The ghost of kmckee the Severer, a journeyman MiBe of Trog (D:11)
  A fire dragon (D:15)
  A yaktaur captain (D:14)
  3 hydras
  6 centaur warriors
  2 catoblepae (Lair:5)
  An ice dragon (D:15)
  Fannar (Lair:1)
  2 boulder beetles
  4 two-headed ogres
  9 death yaks
  4 orc high priests
  A deep troll shaman (Lair:5)
  2 tengu warriors
  Urug (D:13)
  A fire crab (shapeshifter) (D:15)
  A wizard (D:14)
  6 orc knights
  A lindwurm (Lair:5)
  4 deep elf pyromancers
  5 deep elf zephyrmancers (Elf:1)
  8 orc sorcerers
  6 manticores
  5 ugly things
  10 elephants
  A cyclops (shapeshifter) (Elf:1)
  5 cyclopes
  Maurice (D:13)
  3 black mambas
  A demonic crawler (Lair:3)
  2 ice statues (IceCv)
  2 gargoyles
  A torpor snail (Lair:2)
  4 rime drakes
  2 yaktaurs (D:14)
  9 cane toads
  A kobold demonologist (D:9)
  3 tengu conjurers
  2 efreet
  2 freezing wraiths
  4 komodo dragons
  6 ice devils (IceCv)
  An anaconda simulacrum (IceCv)
  A wind drake (Lair:2)
  A meliai (shapeshifter) (D:14)
  9 trolls
  4 polar bears
  A hornet (D:8)
  5 blink frogs (Lair:2)
  Prince Ribbit (D:5)
  6 dream sheep (Lair:5)
  19 slime creatures
  4 wyverns
  4 vampires
  Sigmund (D:4)
  A dire elephant simulacrum (IceCv)
  A shadow (D:11)
  50 yaks
  3 wraiths
  The ghost of SecretSquirrel the Shooter, an amateur BaHu (D:4)
  2 steam dragons
  3 basilisks
  A warg (Orc:2)
  2 death yak simulacra (IceCv)
  Edmund (D:5)
  A harpy simulacrum (IceCv)
  2 acid dragons
  Duvessa (D:5)
  15 water moccasins
  6 black bears
  10 ogres
  51 orc warriors
  13 wolves
  A hornet zombie (D:4)
  7 centaurs
  A phantom (D:4)
  10 kobold brigands
  2 gnoll sergeants
  7 bullfrogs
  An earth elemental (Elf:1)
  6 scorpions
  2 two-headed ogre simulacra (IceCv)
  2 cane toad simulacra (IceCv)
  Dowan (D:5)
  10 wights (D:7)
  2 elephant simulacra
  21 killer bees
  A centaur zombie (D:4)
  2 jellies (Lair:5)
  The ghost of NinjaNoafa the Magician, a weakling VSFE (D:3)
  10 orc priests
  A hound (D:6)
  Jessica (D:2)
  25 orc wizards
  3 sleepcaps
  5 iguanas
  3 spriggan simulacra (IceCv)
  3 troll simulacra (IceCv)
  A wolf simulacrum (Lair:5)
  A howler monkey zombie (D:4)
  Robin (D:4)
  6 adders
  17 gnolls
  A naga simulacrum (IceCv)
  A white imp (IceCv)
  5 ufetubi
  3 worms
  79 orcs
  7 ball pythons
  5 bats
  7 endoplasms
  12 giant cockroaches
  18 goblins
  14 hobgoblins
  7 jackals
  A quokka (D:2)
  6 frilled lizards
  33 kobolds
  7 rats
722 creatures vanquished.

Vanquished Creatures (others)
  A kobold (D:8)
1 creature vanquished.

Grand Total: 723 creatures vanquished

Notes
Turn   | Place    | Note
-------+----------+-------------------------------------------
     0 | D:1      | SnakkuSnakku7 the Hill Orc Air Elementalist began the quest
                  | for the Orb.
     0 | D:1      | Reached XP level 1. HP: 14/14 MP: 3/3
   105 | D:1      | Reached skill level 1 in Fighting
   179 | D:1      | Reached XP level 2. HP: 16/24 MP: 0/4
   741 | D:2      | Reached XP level 3. HP: 22/31 MP: 5/5
  1001 | D:2      | Noticed Jessica
  1013 | D:2      | Killed Jessica
  1014 | D:2      | Reached XP level 4. HP: 32/41 MP: 6/6
  1371 | D:3      | Reached skill level 5 in Fighting
  1464 | D:3      | Found a shimmering blue altar of Sif Muna.
  1762 | D:3      | Found a runed translucent gate.
  1762 | D:3      | Found a runed translucent gate.
  1762 | D:3      | Found a runed translucent gate.
  1762 | D:3      | Noticed NinjaNoafa's ghost (weakling VSFE)
  1775 | D:3      | Reached XP level 5. HP: 44/48 MP: 7/7
  1821 | D:3      | Killed NinjaNoafa's ghost
  2049 | D:4      | Noticed Sigmund
  2085 | D:4      | Noticed Robin
  2224 | D:4      | Killed Robin
  2242 | D:4      | Killed Sigmund
  2243 | D:4      | Reached XP level 6. HP: 37/60 MP: 8/8
  2761 | D:4      | Reached XP level 7. HP: 65/68 MP: 9/9
  2877 | D:4      | Reached skill level 1 in Axes
  3035 | D:4      | Found a runed translucent gate.
  3035 | D:4      | Found a runed translucent gate.
  3036 | D:4      | Found a runed translucent gate.
  3038 | D:4      | Noticed SecretSquirrel's ghost (amateur BaHu)
  3100 | D:4      | Found a staircase to the Ecumenical Temple.
  3348 | Temple   | Entered the Ecumenical Temple
  3420 | Temple   | Became a worshipper of Zin the Law-Giver
  3420 | Temple   | Reached * piety under Zin
  3571 | D:4      | Killed SecretSquirrel's ghost
  3628 | D:4      | Reached skill level 5 in Axes
  3674 | D:5      | Entered Level 5 of the Dungeon
  3998 | D:5      | Reached XP level 8. HP: 48/74 MP: 10/10
  4044 | D:5      | Noticed Edmund
  4074 | D:5      | Killed Edmund
  4179 | D:5      | Noticed Duvessa
  4256 | D:5      | Noticed Dowan
  4292 | D:5      | Killed Duvessa
  4396 | D:5      | Found a sacrificial altar of Ru.
  4400 | D:5      | Killed Dowan
  4596 | D:5      | Noticed Prince Ribbit
  4606 | D:5      | Killed Prince Ribbit
  4607 | D:5      | Reached skill level 10 in Axes
  4647 | D:5      | Reached ** piety under Zin
  4957 | D:5      | Reached XP level 9. HP: 76/81 MP: 11/11
  5124 | D:6      | Found an ancient bone altar of Kikubaaqudgha.
  6724 | D:7      | Reached skill level 15 in Axes
  6724 | D:7      | Reached XP level 10. HP: 25/88 MP: 12/12
  6944 | D:8      | Reached *** piety under Zin
  7174 | D:8      | Reached skill level 1 in Invocations
  7257 | D:8      | Found Ygeyl's Magic Scroll Shop.
  7296 | D:8      | Reached skill level 2 in Invocations
  7533 | D:8      | Bought a scroll of fog for 64 gold pieces
  7533 | D:8      | Bought a scroll of teleportation for 48 gold pieces
  7632 | D:9      | Reached skill level 3 in Invocations
  7673 | D:9      | Reached skill level 4 in Invocations
  7748 | D:9      | Reached skill level 5 in Invocations
  7828 | D:9      | Found a flagged portal.
  7870 | Bailey   | Entered a bailey
  7882 | Bailey   | Noticed an orc knight
  7946 | Bailey   | Killed an orc knight
  7947 | Bailey   | Reached skill level 6 in Invocations
  8018 | Bailey   | Reached skill level 7 in Invocations
  8034 | Bailey   | Reached **** piety under Zin
  8034 | Bailey   | Reached ***** piety under Zin
  8184 | Bailey   | Reached skill level 8 in Invocations
  8481 | Bailey   | Reached ****** piety under Zin
  8579 | D:9      | Reached XP level 11. HP: 74/94 MP: 17/17
  8697 | D:9      | Found a white marble altar of Elyvilon.
  8771 | D:9      | Found the +0 toga "Victory" {*Victory Clar}
  9253 | D:10     | Entered Level 10 of the Dungeon
  9352 | D:10     | Reached skill level 1 in Armour
  9362 | D:10     | Noticed a two-headed ogre
  9369 | D:10     | Killed a two-headed ogre
  9606 | D:10     | Noticed a two-headed ogre
  9614 | D:10     | Killed a two-headed ogre
  9738 | D:10     | Reached skill level 5 in Armour
  9773 | D:10     | Found a staircase to the Orcish Mines.
 10165 | Orc:1    | Entered Level 1 of the Orcish Mines
 10170 | Orc:1    | Noticed a two-headed ogre
 10311 | Orc:1    | Killed a two-headed ogre
 10445 | Orc:1    | Found a shimmering altar of Xom.
 10541 | Orc:1    | Noticed an orc warlord
 10556 | Orc:2    | Entered Level 2 of the Orcish Mines
 10556 | Orc:2    | Noticed an orc high priest
 10590 | D:11     | Noticed a manticore
 10610 | D:11     | Reached XP level 12. HP: 77/102 MP: 18/18
 10654 | D:11     | Noticed a two-headed ogre
 10908 | D:11     | Killed a two-headed ogre
 10982 | D:11     | Reached skill level 10 in Armour
 11002 | D:11     | Found a staircase to the Lair.
 11090 | D:11     | Found a radiant altar of Vehumet.
 11322 | D:11     | Found a runed translucent door.
 11322 | D:11     | Noticed kmckee's ghost (journeyman MiBe)
 11350 | D:11     | Reached skill level 10 in Fighting
 11623 | Lair:1   | Entered Level 1 of the Lair of Beasts
 11684 | Lair:1   | Noticed Fannar
 12237 | Lair:1   | Killed Fannar
 12558 | Lair:2   | Found a runed translucent gate.
 12558 | Lair:2   | Found a runed translucent gate.
 12558 | Lair:2   | Noticed Nidhogg036's ghost (journeyman DsFi)
 12559 | Lair:2   | Found a runed translucent gate.
 12565 | Lair:2   | Noticed an eight-headed hydra
 12597 | Lair:2   | Found a staircase to the Shoals.
 13009 | Lair:2   | Reached skill level 9 in Invocations
 13015 | Lair:2   | Reached XP level 13. HP: 116/122 MP: 18/20
 13019 | Lair:2   | Reached skill level 10 in Invocations
 13033 | Lair:2   | Reached skill level 11 in Invocations
 13832 | Lair:2   | Reached skill level 12 in Invocations
 14100 | Lair:3   | Found a hole to the Spider Nest.
 14470 | Lair:3   | Reached skill level 5 in Dodging
 15710 | Lair:5   | Entered Level 5 of the Lair of Beasts
 15711 | Lair:5   | Found a frozen archway.
 15753 | IceCv    | Entered an ice cave
 15812 | IceCv    | Reached XP level 14. HP: 113/129 MP: 23/23
 16146 | IceCv    | Reached skill level 13 in Invocations
 16333 | IceCv    | Noticed a reaper
 16349 | IceCv    | Killed a reaper
 16604 | Lair:5   | Reached skill level 14 in Invocations
 16925 | Lair:5   | Reached skill level 15 in Invocations
 17355 | Lair:5   | Identified the ring of Ashenzari's Generosity {rPois rN+}
 17557 | Lair:5   | Reached skill level 16 in Invocations
 17672 | Lair:5   | Found a staircase to the Slime Pits.
 17672 | Lair:5   | Found a viscous altar of Jiyva.
 18089 | D:11     | Killed kmckee's ghost
 18232 | Orc:1    | Paralysed by an orc sorcerer for 2 turns
 18845 | D:10     | Killed an orc warlord
 18895 | Orc:1    | Reached skill level 17 in Invocations
 18945 | Orc:1    | Identified the ring of the Lumpy Places {Fly rPois Dex+4}
 18987 | Orc:1    | Noticed an orc warlord
 19442 | D:10     | Killed an orc warlord
 19793 | Orc:1    | Got the Elucidation of Conjuration
 19833 | Orc:1    | Identified the ring "Qiwaim" {rPois Str+3 Dex-4 Slay+4}
 20088 | Orc:1    | Reached skill level 18 in Invocations
 20318 | Orc:1    | Reached XP level 15. HP: 96/135 MP: 28/28
 20565 | Orc:2    | Found Uxiheg's General Store.
 20578 | Orc:2    | Bought a scroll of blinking for 127 gold pieces
 20600 | Orc:2    | Found Jughugi's Book Shop.
 20611 | Orc:2    | Found a staircase to the Elven Halls.
 20711 | Orc:2    | Noticed an orc warlord
 20712 | Orc:2    | Found Coefoenn's Antique Armour Shop.
 20769 | Orc:2    | Killed an orc warlord
 20835 | Orc:2    | Bought a pair of glowing gloves for 210 gold pieces
 20918 | Orc:2    | Reached skill level 19 in Invocations
 20936 | Orc:2    | Found Foanaang's Antique Weapon Shoppe.
 21622 | D:12     | Reached skill level 1 in Shields
 21695 | D:12     | Identified the +2 dagger of Dismay {vamp, Dex+2 Stlth+}
 21886 | D:12     | Noticed Gastronok
 21901 | D:12     | Killed Gastronok
 22228 | D:12     | Found a hide-covered altar of Uskayaw.
 22447 | D:13     | Noticed Urug
 22459 | D:13     | Killed Urug
 22506 | D:13     | Reached skill level 5 in Shields
 22664 | D:13     | Noticed Maurice
 22671 | D:13     | Paralysed by something for 2 turns
 22694 | D:13     | Killed Maurice
 23036 | D:13     | Identified the +1 ring mail of Watchfulness {Harm *Slow
                  | rPois rC++}
 23065 | D:13     | Noticed Jorgrun
 23080 | D:13     | Killed Jorgrun
 23222 | D:13     | Found a portal to a secret trove of treasure.
 24409 | D:14     | Found a gate to the Vaults.
 24612 | D:15     | Entered Level 15 of the Dungeon
 24760 | D:15     | Reached skill level 10 in Shields
 25223 | D:15     | Reached XP level 16. HP: 94/143 MP: 29/29
 25729 | D:15     | Found a staircase to the Depths.
 25877 | Elf:1    | Entered Level 1 of the Elven Halls
 26192 | Elf:1    | Killed from afar by a deep elf pyromancer

Illustrated notes

Levels and vault maps discovered:
D:1:      dpeg_arrival_rooms_b, layout_basic, serial_forest,
          infiniplex_forest_straight_2, infiniplex_forest_clump_long,
          infiniplex_forest_lined_room_2, infiniplex_forest_3_way,
          infiniplex_forest_lined_3, infiniplex_forest_clump_medium,
          infiniplex_forest_clump_small, infiniplex_forest_clump_medium
D:2:      layout_rooms, uniq_jessica
D:3:      layout_rooms, led_sif_book, serial_forest,
          infiniplex_forest_clump_curved, infiniplex_forest_straight_5,
          infiniplex_forest_corner_2, infiniplex_forest_clump_small,
          infiniplex_forest_straight_5, infiniplex_forest_clump_curved,
          infiniplex_forest_end_2, ebering_ghost_rock_garden
D:4:      layout_loops_ring, minmay_temple_entry_overgrown,
          gammafunk_ghost_necromancy, serial_bayou_pond_a, uniq_robin,
          uniq_sigmund
D:5:      nicolae_cairo_tiling, layout_basic, nicolae_ru_awakened_eye,
          st_stairs_12, uniq_edmund, uniq_duvessa, uniq_prince_ribbit1
D:6:      layout_basic, mainiacjoe_overflow_24_doors, kennysheep_generic_room_11
D:7:      layout_basic, serial_glass, glass_columns_b, glass_columns_a,
          glass_columns_c, glass_columns_b, glass_columns_a, glass_columns_a
D:8:      layout_cave_pools, serial_shops, nicolae_inconvenience_store
D:9:      layout_roguey, elyvilon_altar_5, enter_bailey_3
D:10:     layout_roguey, kennysheep_orc_monster_closet_entryway
D:11:     layout_irregular_city, lair_entry_dummy, gammafunk_ghost_grave,
          nicolae_vehumet_altar_sigil
D:12:     layout_basic, hangedman_decor_growths, minivault_20,
          nicolae_uskayaw_suspiria, uniq_gastronok
D:13:     layout_loops_ring, trove_entry_hex_spiral, uniq_jorgrun, uniq_maurice,
          uniq_urug
D:14:     layout_irregular_city, david_vaults_2, glass_columns_c,
          minmay_librarian
D:15:     grunt_enter_depths_hoard, layout_cave_pools, glass_columns_b
Temple:   regret_index_temple_mists
Lair:1:   layout_loops_ring, serial_bayou_pond_d, minivault_11,
          infiniplex_staircase_pool_2, serial_bayou_shore_b, uniq_fannar
Lair:2:   layout_roguey, minmay_shoals_entry_beasts, gammafunk_ghost_split
Lair:3:   layout_gridlike, nicolae_spider_entry_non_spiders, grunt_megastairs_3
Lair:4:   layout_regular_city, beast_lair_carwin_5, serial_bayou_shore_b
Lair:5:   grunt_lair_end_beastmaster, layout_regular_city,
          nicolae_slime_entry_slimehenge, portal_ice_cave_entry_ice_simulacra
Orc:1:    layout_diamond_mine, basic_altar, minmay_orc_treasury
Orc:2:    grunt_orc_gardens, layout_caves, grunt_orc_garden, grunt_orc_garden,
          grunt_orc_garden, grunt_orc_garden
Elf:1:    eino_elf_arrival_the_gate, layout_rooms, serial_shops, shop,
          minmay_elf_sorcery, uniq_donald

Skill      XL: |  1  2  3  4  5  6  7  8  9 10 11 12 13 14 15 16 |
---------------+-------------------------------------------------+-----
Fighting       | 1 3 4 5 7 8 13 | 13.0
Axes           | 6 11 15 16 18 | 18.0
Invocations    | 8 9 12 18 19 | 19.3
Armour         | 8 10 | 10.0
Dodging        | 8 |  8.0
Shields        | 10 11 | 11.7
Stealth        | |  1.5
Spellcasting   | |  1.5
Conjurations   | |  1.0
Air Magic      | |  2.4

Action                     |  1- 3 |  4- 6 |  7- 9 | 10-12 | 13-15 | 16-18 || total
---------------------------+-------+-------+-------+-------+-------+-------++-------
  Melee: Dagger            |    85 |       |       |       |       |       ||    85
         Punch             |     2 |       |     9 |     1 |       |       ||    12
         Mace              |    51 |    56 |       |       |       |       ||   107
         Trident           |       |   141 |     1 |       |       |       ||   142
         Hand axe          |       |       |   191 |       |       |       ||   191
         War axe           |       |       |   344 |   213 |       |       ||   557
         Battleaxe         |       |       |       |   388 |  1275 |    31 ||  1694
         Broad axe         |       |       |       |       |       |    33 ||    33
  Throw: Javelin           |       |    11 |     2 |       |       |       ||    13
         Dart              |       |     6 |    13 |    46 |     2 |       ||    67
         Throwing net      |       |       |       |     2 |       |       ||     2
   Cast: Shock             |    12 |       |       |       |       |       ||    12
 Invoke: Vitalisation      |       |       |     1 |     2 |     7 |     1 ||    11
         Recite            |       |       |       |     1 |     4 |       ||     5
  Evoke: Wand              |       |       |       |     9 |     2 |     1 ||    12
         Phantom mirror    |       |       |       |       |     1 |     1 ||     2
         Phial of floods   |       |       |       |       |     1 |       ||     1
    Use: Potion            |       |     1 |     2 |     6 |     1 |     3 ||    13
         Scroll            |       |     2 |    11 |     8 |    13 |     2 ||    36
   Stab: Sleeping          |     1 |       |       |       |       |       ||     1
         Confused          |       |       |       |     1 |     2 |       ||     3
         Paralysed         |       |       |       |       |     2 |       ||     2
         Distracted        |       |       |       |       |       |     1 ||     1
 Armour: Robe              |    21 |       |       |       |       |       ||    21
         Chain mail        |    31 |    34 |       |       |       |       ||    65
         Pearl dragon scal |       |   106 |   320 |   368 |   626 |    33 ||  1453
  Dodge: Dodged            |    93 |   117 |   210 |   351 |   794 |    44 ||  1609
  Block: Tower shield      |       |       |       |       |       |    15 ||    15
